PAA
OLYMPIA OGRES @ MERCER ISLAND SCREAMING EAGLES
06/09/2042
 
TOP OF THE 1ST
Olympia Ogres batting - Pitching for Mercer Island Screaming Eagles : RHP Robert Moody
Pitching: RHP Robert Moody
Batting: LHB Jorge Mejía 0-0: Called Strike
0-1: Bunt - Flyout to 2R! F2
Batting: RHB Paul Stark 0-0: Called Strike
0-1: Ball
1-1: Called Strike
1-2: Foul Ball, location: 2F
1-2: Ground out 5-3 (Groundball, 5S, EV 85.6 MPH)
Batting: LHB Sariyah Fateen 0-0: Ball
1-0: Foul Ball, location: 2F
1-1: Foul Ball, location: 2F
1-2: Fly out, F8 (Flyball, 8RXD, EV 103.1 MPH)
Top of the 1st over - 0 runs, 0 hits, 0 errors, 0 left on base; Olympia 0 - Mercer Island 0
BOTTOM OF THE 1ST
Mercer Island Screaming Eagles batting - Pitching for Olympia Ogres : RHP Roble Gichinga
Pitching: RHP Roble Gichinga
Batting: LHB Niek Breugelmans 0-0: Ball
1-0: Ball
2-0: Swinging Strike
2-1: Foul Ball, location: 2F
2-2: Fly out, F8 (Flyball, 8RD, EV 102.5 MPH)
Batting: SHB Rob Murdoch 0-0: Ball
1-0: Called Strike
1-1: Ball
2-1: Reached on error, E2 (Groundball, 2R, EV 69.4 MPH)
Batting: RHB Thiago Yepes 0-0: Ball
1-0: DOUBLE (Flyball, 89D, EV 112.5 MPH)
Rob Murdoch to third
Runner from 3rd tries for Home, SAFE, throw by CF to home
Batting: RHB Chut-sai Meng 0-0: Ball
1-0: Called Strike
1-1: Hit by Pitch
Batting: LHB Brian Drake 0-0: Foul Ball, location: 2F
0-1: Ball
1-1: Ball
2-1: Ball
3-1: Base on Balls
Thiago Yepes to third
Chut-sai Meng to second
Batting: RHB Yue-rong Duan 0-0: SINGLE (Flyball, 9LM, EV 87.5 MPH)
Thiago Yepes scores
Chut-sai Meng to third
Brian Drake to second
Batting: RHB Yoshiki Shimizu 0-0: Called Strike
0-1: SINGLE (Line Drive, 6M, EV 99.4 MPH)
Chut-sai Meng scores
Brian Drake to third
Yue-rong Duan to second
Batting: RHB Tim Wright 0-0: Ball
1-0: Ball
2-0: Swinging Strike
2-1: Swinging Strike
2-2: SINGLE (Line Drive, 8LS, EV 103.8 MPH)
Brian Drake scores
Yue-rong Duan to third
Yoshiki Shimizu to second
Batting: RHB Juan Lugo 0-0: Ball
1-0: Ball
2-0: Ball
3-0: Base on Balls
Yue-rong Duan scores
Yoshiki Shimizu to third
Tim Wright to second
Batting: LHB Niek Breugelmans 0-0: SINGLE (Groundball, 56D, EV 104.4 MPH)
Yoshiki Shimizu scores
Tim Wright to third
Juan Lugo to second
Runner from 3rd tries for Home, SAFE, no throw by LF
Pitching: RHP Tex Owens
Batting: SHB Rob Murdoch 0-0: Called Strike
0-1: Hit by Pitch
Juan Lugo to third
Niek Breugelmans to second
Batting: RHB Thiago Yepes 0-0: Fly out, F7 (Flyball, 7LMF, EV 105.6 MPH)
Runner from 3rd tags up, SCORES, no throw by LF
Batting: RHB Chut-sai Meng 0-0: Ball
1-0: Called Strike
1-1: SINGLE (Groundball, 6MD, EV 106.9 MPH)
Niek Breugelmans to third
Rob Murdoch to second
Runner from 3rd tries for Home, SAFE, no throw by CF
Batting: LHB Brian Drake 0-0: Ball
1-0: Foul Ball, location: 2F
1-1: Foul Ball, location: 2F
1-2: Strikes out looking
Bottom of the 1st over - 9 runs, 6 hits, 1 error, 2 left on base; Olympia 0 - Mercer Island 9
TOP OF THE 2ND
Olympia Ogres batting - Pitching for Mercer Island Screaming Eagles : RHP Robert Moody
Batting: RHB Pepe Savinon 0-0: Foul Ball, location: 2F
0-1: Swinging Strike
0-2: Foul Ball, location: 2F
0-2: Foul Ball, location: 2F
0-2: Fly out, F7 (Flyball, 7S, EV 83.1 MPH)
Batting: LHB Aniq bin Mu'ayyad 0-0: Ball
1-0: Called Strike
1-1: DOUBLE (Groundball, 5L, EV 107.5 MPH)
Pinch Runner at 2nd Ramón Vegerano:
Batting: SHB Nathan Brannon 0-0: SINGLE (Groundball, 34, EV 98.8 MPH) (infield hit)
Ramón Vegerano to third
Batting: RHB Gyoo-jae Kil 0-0: Called Strike
0-1: Foul Ball, location: 2F
0-2: Ball
1-2: Ball
2-2: Grounds into double play, 5-4-3 (Groundball, 56, EV 107.5 MPH)
Top of the 2nd over - 0 runs, 2 hits, 0 errors, 1 left on base; Olympia 0 - Mercer Island 9
BOTTOM OF THE 2ND
Mercer Island Screaming Eagles batting - Pitching for Olympia Ogres : RHP Tex Owens
Batting: RHB Yue-rong Duan 0-0: Ground out 5-3 (Groundball, 56, EV 86.2 MPH)
Batting: RHB Yoshiki Shimizu 0-0: Foul Ball, location: 2F
0-1: Fly out, F9 (Flyball, 9S, EV 86.2 MPH)
Batting: RHB Tim Wright 0-0: Swinging Strike
0-1: Foul Ball, location: 2F
0-2: Ball
1-2: Ball
2-2: Ground out 5-3 (Groundball, 56, EV 106.9 MPH)
Bottom of the 2nd over - 0 runs, 0 hits, 0 errors, 0 left on base; Olympia 0 - Mercer Island 9
TOP OF THE 3RD
Olympia Ogres batting - Pitching for Mercer Island Screaming Eagles : RHP Robert Moody
Batting: RHB Donald Boyd 0-0: DOUBLE (Groundball, 5L, EV 106.9 MPH)
Batting: RHB Alfonso Pereyra 0-0: DOUBLE (Line Drive, 9LM, EV 99.4 MPH)
Donald Boyd scores
Batting: LHB Jorge Mejía 0-0: Called Strike
0-1: Ball
1-1: Ball
2-1: Reached on error, E3 (Groundball, 34, EV 79.4 MPH)
Alfonso Pereyra to third
Batting: RHB Paul Stark 0-0: Called Strike
0-1: Ball
1-1: Ball
2-1: Swinging Strike
2-2: Foul Ball, location: 2F
2-2: Foul Ball, location: 2F
2-2: Ball
3-2: Strikes out swinging
Batting: LHB Sariyah Fateen 0-0: Called Strike
0-1: Ball
1-1: Called Strike
Jorge Mejía steals 2nd base (no throw)
1-2: Strikes out swinging
Batting: RHB Pepe Savinon 0-0: Called Strike
0-1: Called Strike
0-2: Ball
1-2: SINGLE (Popup, 3D, EV 48.1 MPH)
Alfonso Pereyra scores
Jorge Mejía to third
Runner from 3rd tries for Home, SAFE, throw by 2B to home
Batting: LHB Ramón Vegerano 0-0: Called Strike
Pepe Savinon steals 2nd base
0-1: Foul Ball, location: 2F
0-2: Ground out 4-3 (Groundball, 4, EV 101.2 MPH)
Top of the 3rd over - 3 runs, 3 hits, 1 error, 1 left on base; Olympia 3 - Mercer Island 9
BOTTOM OF THE 3RD
Mercer Island Screaming Eagles batting - Pitching for Olympia Ogres : RHP Tex Owens
Batting: RHB Juan Lugo 0-0: Ground out 6-3 (Groundball, 6, EV 111.2 MPH)
Batting: LHB Niek Breugelmans 0-0: Foul Ball, location: 2F
0-1: Ball
1-1: Foul Ball, location: 2F
1-2: Foul Ball, location: 2F
1-2: Foul Ball, location: 2F
1-2: Foul Ball, location: 2F
1-2: Ball
2-2: Fly out, F9 (Line Drive, 9, EV 95.6 MPH)
Batting: SHB Rob Murdoch 0-0: Foul Ball, location: 2F
0-1: Fly out, F2 (Popup, 25F, EV 78.1 MPH)
Bottom of the 3rd over - 0 runs, 0 hits, 0 errors, 0 left on base; Olympia 3 - Mercer Island 9
TOP OF THE 4TH
Olympia Ogres batting - Pitching for Mercer Island Screaming Eagles : RHP Robert Moody
Batting: SHB Nathan Brannon 0-0: Ball
1-0: Ground out 4-3 (Groundball, 4, EV 80.6 MPH)
Batting: RHB Gyoo-jae Kil 0-0: Ball
1-0: Ball
2-0: Called Strike
2-1: Swinging Strike
2-2: Ball
3-2: Ground out 1-3 (Groundball, 34S, EV 74.4 MPH)
Batting: RHB Donald Boyd 0-0: Called Strike
0-1: Ground out 6-3 (Groundball, 6, EV 85.6 MPH)
Top of the 4th over - 0 runs, 0 hits, 0 errors, 0 left on base; Olympia 3 - Mercer Island 9
BOTTOM OF THE 4TH
Mercer Island Screaming Eagles batting - Pitching for Olympia Ogres : RHP Tex Owens
Batting: RHB Thiago Yepes 0-0: Ball
1-0: Swinging Strike
1-1: Ball
2-1: Ball
3-1: DOUBLE (Line Drive, 78D, EV 105.0 MPH)
Batting: RHB Chut-sai Meng 0-0: Called Strike
0-1: Ball
1-1: Ground out 5-3 (Groundball, 56, EV 95.0 MPH)
Batting: LHB Brian Drake 0-0: Ball
1-0: Ball
2-0: Called Strike
2-1: Fly out, F4 (Popup, 4M, EV 70.6 MPH)
Batting: RHB Yue-rong Duan 0-0: Fly out, F8 (Flyball, 8LD, EV 108.8 MPH)
Bottom of the 4th over - 0 runs, 1 hit, 0 errors, 1 left on base; Olympia 3 - Mercer Island 9
TOP OF THE 5TH
Olympia Ogres batting - Pitching for Mercer Island Screaming Eagles : RHP Robert Moody
Batting: RHB Alfonso Pereyra 0-0: Ball
1-0: Swinging Strike
1-1: Foul Ball, location: 2F
1-2: Ball
2-2: Ground out 5-3 (Groundball, 5S, EV 86.9 MPH)
Batting: LHB Jorge Mejía 0-0: Ball
1-0: Swinging Strike
1-1: Fly out, F4 (Line Drive, 4, EV 68.1 MPH)
Batting: RHB Paul Stark 0-0: Ball
1-0: Called Strike
1-1: Called Strike
1-2: Ball
2-2: Strikes out swinging
Top of the 5th over - 0 runs, 0 hits, 0 errors, 0 left on base; Olympia 3 - Mercer Island 9
BOTTOM OF THE 5TH
Mercer Island Screaming Eagles batting - Pitching for Olympia Ogres : RHP Tex Owens
Batting: RHB Yoshiki Shimizu 0-0: Ball
1-0: Foul Ball, location: 2F
1-1: Ball
2-1: Foul Ball, location: 2F
2-2: Fly out, F9 (Line Drive, 9, EV 106.9 MPH)
Batting: RHB Tim Wright 0-0: Ball
1-0: SINGLE (Line Drive, 9LM, EV 100.0 MPH)
Pitching: LHP Esteban Vásquez
Batting: RHB Juan Lugo 0-0: Ball
1-0: Ground out 5-3 (Groundball, 5S, EV 70.0 MPH)
Tim Wright to second
Batting: LHB Niek Breugelmans 0-0: Called Strike
0-1: Swinging Strike
0-2: Strikes out swinging
Bottom of the 5th over - 0 runs, 1 hit, 0 errors, 1 left on base; Olympia 3 - Mercer Island 9
TOP OF THE 6TH
Olympia Ogres batting - Pitching for Mercer Island Screaming Eagles : RHP Robert Moody
Batting: LHB Sariyah Fateen 0-0: Ball
1-0: Called Strike
1-1: Ball
2-1: Ball
3-1: Foul Ball, location: 2F
3-2: Base on Balls
Batting: RHB Pepe Savinon 0-0: Ball
1-0: Ball
2-0: Ball
3-0: Called Strike
3-1: Called Strike
3-2: Foul Ball, location: 2F
3-2: Base on Balls
Sariyah Fateen to second
Batting: LHB Ramón Vegerano 0-0: Grounds into double play, 6-4-3 (Groundball, 6, EV 84.4 MPH)
Sariyah Fateen to third
Batting: SHB Nathan Brannon 0-0: Called Strike
0-1: Ball
1-1: Ground out 6-3 (Groundball, 56, EV 81.2 MPH)
Top of the 6th over - 0 runs, 0 hits, 0 errors, 1 left on base; Olympia 3 - Mercer Island 9
BOTTOM OF THE 6TH
Mercer Island Screaming Eagles batting - Pitching for Olympia Ogres : LHP Esteban Vásquez
Batting: SHB Rob Murdoch 0-0: Ground out 6-3 (Groundball, 6, EV 83.1 MPH)
Batting: RHB Thiago Yepes 0-0: Ball
1-0: Ball
2-0: Called Strike
2-1: Fly out, F6 (Popup, 6S, EV 74.4 MPH)
Batting: RHB Chut-sai Meng 0-0: Ball
1-0: Ball
2-0: Foul Ball, location: 2F
2-1: Ball
3-1: Base on Balls
Batting: LHB Brian Drake 0-0: Ball
1-0: Called Strike
Chut-sai Meng steals 2nd base (no throw)
1-1: SINGLE (Groundball, 4MD, EV 101.9 MPH)
Chut-sai Meng to third
Throwing error, E8
Chut-sai Meng scores
Brian Drake to second
Batting: RHB Yue-rong Duan 0-0: Called Strike
0-1: SINGLE (Line Drive, 78S, EV 99.4 MPH)
Brian Drake to third
Runner from 3rd tries for Home, SAFE, throw by LF to home
Yue-rong Duan to second
Batting: RHB Yoshiki Shimizu 0-0: Ball
1-0: Ball
2-0: Foul Ball, location: 2F
2-1: Swinging Strike
2-2: Strikes out swinging
Bottom of the 6th over - 2 runs, 2 hits, 1 error, 1 left on base; Olympia 3 - Mercer Island 11
TOP OF THE 7TH
Olympia Ogres batting - Pitching for Mercer Island Screaming Eagles : RHP Robert Moody
Batting: RHB Gyoo-jae Kil 0-0: Called Strike
0-1: Ground out 6-3 (Groundball, 6S, EV 75.6 MPH)
Batting: RHB Donald Boyd 0-0: Ball
1-0: Ball
2-0: Fly out, F7 (Line Drive, 7, EV 90.6 MPH)
Batting: RHB Alfonso Pereyra 0-0: Ball
1-0: Foul Ball, location: 2F
1-1: Called Strike
1-2: Strikes out swinging
Top of the 7th over - 0 runs, 0 hits, 0 errors, 0 left on base; Olympia 3 - Mercer Island 11
BOTTOM OF THE 7TH
Mercer Island Screaming Eagles batting - Pitching for Olympia Ogres : LHP Esteban Vásquez
Batting: RHB Tim Wright 0-0: Fly out, F8 (Flyball, 8RD, EV 99.4 MPH)
Batting: RHB Juan Lugo 0-0: Called Strike
0-1: Ball
1-1: Foul Ball, location: 2F
1-2: Ground out 5-3 (Groundball, 5L, EV 90.0 MPH)
Batting: LHB Niek Breugelmans 0-0: Ground out 4-3 (Groundball, 4, EV 80.6 MPH)
Bottom of the 7th over - 0 runs, 0 hits, 0 errors, 0 left on base; Olympia 3 - Mercer Island 11
TOP OF THE 8TH
Olympia Ogres batting - Pitching for Mercer Island Screaming Eagles : RHP Robert Moody
Pitching: RHP Mike Barraza
Batting: LHB Jorge Mejía 0-0: Foul Ball, location: 2F
0-1: Ground out 6-3 (Groundball, 6, EV 86.9 MPH)
Batting: RHB Paul Stark 0-0: Fly out, F9 (Flyball, 9, EV 88.1 MPH)
Pinch Hitting: RHB Kunimatsu Nishimura 0-0: Swinging Strike
0-1: Ground out 6-3 (Groundball, 6, EV 89.4 MPH)
Top of the 8th over - 0 runs, 0 hits, 0 errors, 0 left on base; Olympia 3 - Mercer Island 11
BOTTOM OF THE 8TH
Mercer Island Screaming Eagles batting - Pitching for Olympia Ogres : LHP Esteban Vásquez
Now at 1B: David Walker
Batting: SHB Rob Murdoch 0-0: Ball
1-0: Ground out 1-3 (Groundball, P, EV 85.6 MPH)
Batting: RHB Thiago Yepes 0-0: Ball
1-0: Foul Ball, location: 2F
1-1: Foul Ball, location: 2F
1-2: Ball
2-2: Ball
3-2: Foul Ball, location: 2F
3-2: Strikes out swinging
Batting: RHB Chut-sai Meng 0-0: Fly out, F8 (Flyball, 8LXD, EV 91.2 MPH)
Bottom of the 8th over - 0 runs, 0 hits, 0 errors, 0 left on base; Olympia 3 - Mercer Island 11
TOP OF THE 9TH
Olympia Ogres batting - Pitching for Mercer Island Screaming Eagles : RHP Mike Barraza
Batting: RHB Pepe Savinon 0-0: Fly out, F3 (Line Drive, 3, EV 65.0 MPH)
Batting: LHB Ramón Vegerano 0-0: Called Strike
0-1: Ball
1-1: Called Strike
1-2: Ground out 4-3 (Groundball, 4, EV 88.1 MPH)
Batting: SHB Nathan Brannon 0-0: Called Strike
0-1: Ball
1-1: Foul Ball, location: 2F
1-2: Foul Ball, location: 2F
1-2: Ball
2-2: Ball
3-2: Foul Ball, location: 2F
3-2: Strikes out swinging
Top of the 9th over - 0 runs, 0 hits, 0 errors, 0 left on base; Olympia 3 - Mercer Island 11
Friday, March 26th, 2021 - OOTP Baseball 20.8 Build 74